Map: Ley Lines

Players

kitune

  • Race: Zerg Zerg
  • Spawn Location: 1:00

A.I. 1 (Very Easy) - Winner!

  • Race: Protoss Protoss
  • Spawn Location: 7:00

VOD

Have the link to the VOD?

Description

Time

  • Played on: May 9, 2025, 10:53 p.m.
  • Length: 6:24
Show
View Real Time Build Order
Export as new Build Order

kitune Zerg 

Build Orders: Pool First 

Get SALT Encoding   

  12  0:00  Drone  
  13  0:12  Overlord  
  13  0:18  Drone  
  14  0:33  Drone x2  
  16  0:42  Spawning Pool  
  16  0:45  Drone  
  16  0:49  Drone  
  17  1:10  Hatchery  
  16  1:13  Drone  
  16  1:15  Extractor  
  16  1:29  Zergling x2  
  16  1:30  Zergling x4  
  19  1:39  Queen  
  21  1:42  Drone  
  22  1:54  Overlord  
  22  2:14  Queen  
  24  2:20  Drone x2  
  24  2:21  Metabolic Boost  
  25  2:31  Drone x2  
  27  2:37  Drone x2  
  27  2:43  Queen  
  31  2:47  Drone  
  31  2:50  Drone  
  32  2:53  Drone  
  33  3:05  Lair  
  33  3:07  Drone  
  34  3:14  Overlord  
  34  3:17  Drone  
  34  3:19  Overlord  
  35  3:33  Drone x3  
  35  3:34  Drone x4  
  42  3:41  Overlord  
  42  3:42  Drone  
  42  3:43  Drone  
  42  3:45  Drone  
  45  3:58  Drone  
  45  3:59  Drone x6  
  45  4:02  Overlord  
  52  4:10  Spire  
  52  4:14  Extractor  
  52  4:15  Extractor  
  49  4:22  Zergling x2  
  49  4:23  Zergling x6  
  53  4:26  Extractor  
  52  4:32  Zergling x2  
  52  4:33  Zergling x6  
  56  4:43  Drone  
  56  4:44  Drone x2  
  59  4:52  Zergling x2  
  60  4:53  Zergling x4  
  62  5:00  Zergling x6  
  62  5:01  Zergling x4  
  62  5:04  Overlord x3  
  67  5:16  Zergling x2  
  68  5:25  Mutalisk  
  68  5:26  Mutalisk x2  
  74  5:32  Mutalisk x3  
  80  5:48  Mutalisk  
  82  5:52  Zergling x2  
  82  5:53  Zergling x8  
  89  6:04  Overlord x2  
  89  6:06  Zergling x4  
Show
View Real Time Build Order
Export as new Build Order

A.I. 1 (Very Easy) Protoss - Winner!

Build Orders: 1 Gate Expand, Nexus First 

Get SALT Encoding   

  12  0:00  Probe  
  13  0:13  Probe  
  14  0:19  Pylon  
  14  0:43  Gateway  
  14  1:01  Nexus  
  14  1:18  Pylon  
  14  1:23  Assimilator  
  14  1:24  Zealot  
  14  1:34  Probe  
  14  1:38  Cybernetics Core  
  17  1:43  Probe  
  17  1:52  Probe  
  19  2:02  Probe  
  19  2:06  Stalker, Assimilator  
  20  2:13  Probe  
  21  2:15  Warp Gate  
  21  2:22  Probe  
  22  2:30  Probe  
  22  2:33  Zealot  
  25  2:38  Probe  
  26  2:47  Pylon, Probe  
  27  2:55  Probe  
  28  3:02  Probe  
  29  3:09  Probe  
  30  3:16  Probe  
  31  3:21  Robotics Facility  
  31  3:23  Probe  
  32  3:32  Probe  
  33  3:40  Probe  
  34  3:41  Assimilator  
  34  3:47  Probe  
  35  3:52  Zealot  
  35  3:54  Probe  
  38  4:01  Probe  
  39  4:07  Assimilator  
  39  4:08  Probe  
  39  4:09  Observer  
  40  4:15  Probe  
  42  4:21  Observer  
  42  4:23  Probe  
  43  4:30  Probe  
  45  4:34  Pylon  
  45  4:37  Probe  
  46  4:44  Probe  
  47  4:52  Probe  
  48  5:11  Stalker  
Tags
 
Add a new tag
Caveats
  • Supply blocks, unpowered buildings, or Contaminate may cause inaccurate times.
  • Supply counts are checked every 10 seconds.